 Dungeon Crawl Stone Soup version 0.28.0 (webtiles) character file.

Game seed: 1278453652231164380

151250 browni3141 the Slayer (level 17, -18/264 HPs)
             Began as a Minotaur Berserker on Feb 17, 2022.
             Was a High Priest of Trog.
             Demolished by Saint Roka (19 damage)
             ... on level 3 of the Snake Pit.
             The game lasted 00:22:22 (33575 turns).

browni3141 the Slayer (Minotaur Berserker)         Turns: 33575, Time: 00:22:22

Health: -18/264    AC: 35    Str: 28    XL:     17   Next: 0%
Magic:  8/8        EV:  9    Int:  1    God:    Trog [*****.]
Gold:   2191       SH:  0    Dex: 12    Spells: 16/16 levels left

rFire   + . .      SeeInvis .   P - +3 executioner's axe (antimagic)
rCold   + . .      Faith    .   (shield currently unavailable)
rNeg    . . .      Spirit   .   y - +0 plate armour {Will+}
rPois   +          Reflect  .   (helmet restricted)
rElec   .          Harm     .   c - +2 cloak {rCorr}
rCorr   +          Rampage  .   b - +2 pair of gloves
Will    ++...                   W - +0 pair of boots {Stlth+}
Stlth   ..........              q - amulet of Xom's Full Attention {Acrobat rC+}
HPRegen 0.54/turn               O - +4 ring of protection
MPRegen 0.11/turn               w - ring "Vuerphiurph" {rPois rF+ MP+9 Int-3 Stlth+}

@: berserking (expiring), lethally poisoned (-18 -> -24), very quick
A: horns 2, retaliatory headbutt, beak, iridescent scales 1, screaming 1,
evolution 1
a: Renounce Religion, Berserk, Trog's Hand, Brothers in Arms


You were on level 3 of the Snake Pit.
You worshipped Trog.
Trog was extremely pleased with you.
You visited 4 branches of the dungeon, and saw 26 of its levels.

You collected 2451 gold pieces.
You spent 260 gold pieces at shops.


Innate Abilities, Weirdness & Mutations

You have a pair of horns on your head.
You reflexively headbutt those who attack you in melee.
You have a beak for a mouth.
You are partially covered in iridescent scales. (AC +2)
You occasionally shout uncontrollably at your foes.
You have hidden genetic potential.


   Skills:
 + Level 21.8 Fighting
 - Level 18.0 Axes
 + Level 21.7 Armour
 - Level 2.1 Dodging
 - Level 8.0 Evocations


You had 16 spell levels left.
You didn't know any spells.
Your spell library was empty.

Inventory:

Hand Weapons
 l - a +4 broad axe of flaming
 x - a +3 battleaxe of freezing
 P - a +3 antimagic executioner's axe (weapon)
Missiles
 a - 6 curare-tipped darts (quivered) {@f4}
Armour
 b - a +2 pair of gloves (worn)
 c - a +2 cloak of preservation (worn)
 e - a +1 pair of gloves of stealth
 y - a +0 plate armour of willpower (worn)
 W - a +0 pair of boots of stealth (worn)
Jewellery
 o - a +4 ring of protection
 q - the amulet of Xom's Full Attention (around neck) {Acrobat rC+}
   (You acquired it on level 6 of the Dungeon)

   [amulet of the acrobat]

   It increases your evasion while moving and waiting.
   rC:        It protects you from cold.
 w - the ring "Vuerphiurph" (right hand) {rPois rF+ MP+9 Int-3 Stlth+}
   (You acquired it on level 6 of the Dungeon)

   [ring of magical power]

   Int:       It affects your intelligence (-3).
   rF:        It protects you from fire.
   rPois:     It protects you from poison.
   MP:        It affects your magic capacity (+9).
   Stlth:     It makes you more stealthy.
 F - a ring of protection from fire
 I - a +6 ring of intelligence
 M - a ring of willpower
 O - a +4 ring of protection (left hand)
Wands
 t - a wand of mindburst (46)
 v - a wand of iceblast (8)
 A - a wand of paralysis (22)
 B - a wand of acid (21)
 E - a wand of flame (13)
 G - a wand of charming (14)
 N - a wand of digging (7)
Scrolls
 d - 14 scrolls of teleportation {@r4}
 f - 5 scrolls of enchant armour
 h - 5 scrolls of amnesia
 k - 4 scrolls of enchant weapon
 m - 4 scrolls of magic mapping
 p - 4 scrolls of blinking {@r3}
 r - 4 scrolls of fear
 J - 7 scrolls of fog {@r5}
 L - a scroll of torment {!r}
 Q - 2 scrolls of immolation {!r}
 R - 10 scrolls of vulnerability {!r}
 S - 4 scrolls of noise {!r}
 U - a scroll of holy word
Potions
 g - 2 potions of brilliance
 i - 5 potions of lignification {unknown}
 j - 3 potions of degeneration {!q}
 n - 2 potions of magic {unknown}
 u - 5 potions of heal wounds {unknown}
 z - a potion of cancellation
 C - 12 potions of curing {unknown}
 D - 2 potions of invisibility
 H - 5 potions of haste {@q3}
 K - 7 potions of attraction {!q}
 T - 6 potions of flight {unknown}
 X - a potion of berserk rage {!q}
 Y - 2 potions of ambrosia
 Z - 4 potions of might
Miscellaneous
 s - a box of beasts
 V - a phial of floods

Dungeon Overview and Level Annotations

Branches:
Dungeon (15/15)            Temple (0/1) D:4            Lair (6/6) D:8
 Shoals (0/4) Lair:3        Snake (3/4) Lair:3        Slime (0/5) Lair:5
    Orc (2/2) D:11            Elf (0/3) Orc:2        Vaults (0/5) D:13
 Depths (0/4) D:15

Altars:
Cheibriados
Gozag
Hepliaklqana
Ru
Sif Muna
Vehumet
Zin
The Shining One
Beogh

Shops:
D:4 *(((   D:5 (   D:14 *   Orc:2 *:*[

Portals:
Trove: D:14 (show slimy rune of Zot)

Annotations:
D:8 exclusion: 2 oklob saplings
Snake:3 Saint Roka

#####..# .# #..### .#
###....# .#
#......###.#
#..........#
#..........#
#......##.###### #
#......##....))#.####
#......#######@)....#
#......# #o)....#
#......# #......#
#......# #......#
#......# #......#
#.###.## ..# .# ### #


You could see Saint Roka.


Message History

Trog accepts your kill.
Trog appreciates your killing of a magic user.
You feel very sick.
Saint Roka hits you with a +0 battleaxe!!
* * * LOW HITPOINT WARNING * * *
You hear a shout!
You have reached level 17!
You barely miss Saint Roka. You headbutt Saint Roka.
You peck Saint Roka, but do no damage.
Saint Roka is severely wounded.
You barely miss the orc.
You feel sick. The orc hits you but does no damage.
Saint Roka hits you with a +0 battleaxe!!
* * * LOW HITPOINT WARNING * * *
You hear a shout!
Unknown command.
You hit Saint Roka but do no damage. You headbutt Saint Roka!!
You peck Saint Roka!
Saint Roka is almost dead.
You slash the orc!
You kill the orc!
Trog accepts your kill.
* * * LOW HITPOINT WARNING * * *
You feel sick.
Unknown command.
You completely miss Saint Roka. You headbutt Saint Roka!
Saint Roka is almost dead.
* * * LOW HITPOINT WARNING * * *
You feel sick.
Saint Roka hits you with a +0 battleaxe!!
You die...

Skill      XL: |  1  2  3  4  5  6  7  8  9 10 11 12 13 14 15 16 |
---------------+-------------------------------------------------+-----
Axes           | 4 5 6 7 8 10 12 14 16 18 | 18.0
Fighting       | 4 5 6 8 9 10 12 14 16 18 20 21 | 21.8
Armour         | 3 4 5 6 7 9 10 12 13 16 18 19 21 | 21.7
Evocations     | 3 7 8 |  8.0
Dodging        | |  2.1

Action                   |  1- 3 |  4- 6 |  7- 9 | 10-12 | 13-15 | 16-18 || total
-------------------------+-------+-------+-------+-------+-------+-------++-------
Melee: Hand axe          |    58 |   104 |   266 |    13 |       |       ||   441
       Headbutt          |     8 |    14 |    49 |    77 |   237 |    97 ||   482
       Punch             |       |     1 |     4 |       |       |       ||     5
       Battleaxe         |       |       |       |   356 |   605 |       ||   961
       Executioner's axe |       |       |       |       |   507 |   362 ||   869
       Peck              |       |       |       |       |       |    58 ||    58
Invok: Berserk           |     2 |     2 |     5 |     8 |    17 |    12 ||    46
       Trog's Hand       |       |       |     1 |       |     3 |     1 ||     5
       Brothers in Arms  |       |       |       |       |     3 |       ||     3
  Use: Scroll            |       |     2 |     5 |     1 |    16 |     2 ||    26
       Potion            |       |       |       |       |     1 |       ||     1
Armor: Animal skin       |     2 |       |       |       |       |       ||     2
       Chain mail        |    11 |       |       |       |       |       ||    11
       Plate armour      |     2 |    89 |   172 |   283 |   969 |   387 ||  1902
Dodge: Dodged            |    48 |    51 |   113 |   256 |   730 |   267 ||  1465

Levels and vault maps discovered:
D:1:      dpeg_arrival_solitude, layout_basic,
          ebering_ecumenical_altar_sacrificial
D:2:      minmay_evil_eye, layout_basic, minmay_misc_feat_cross,
          uniq_crazy_yiuf_cottage
D:3:      cheibrodos_greedy_goblins, layout_basic, uniq_robin
D:4:      layout_cave_pods, nicolae_overflow_hidden_temple,
          mainiacjoe_overflow_concentric_impassable, minmay_temple_entry_grid,
          serial_shops, shop, nicolae_shop_crystal, shop, shop
D:5:      layout_gridville, mainiacjoe_overflow_boulevard,
          kennysheep_little_box, nicolae_shop_firing_range, uniq_grinder
D:6:      layout_loops_cross, nicolae_water_bricks, uniq_duvessa,
          uniq_eustachio, uniq_menkaure
D:7:      layout_rooms
D:8:      layout_basic, due_lair_maze_entry_diamond, introduction_to_nature_1,
          uniq_prince_ribbit1, uniq_grum, uniq_maurice
D:9:      minmay_the_grid_3x3 [minmay_the_grid_paths, minmay_the_grid_doors,
          minmay_the_grid_empty, minmay_the_grid_all_tris,
          minmay_the_grid_small_cups, minmay_the_grid_holed_spiral,
          minmay_the_grid_broken_lines, minmay_the_grid_stretched_grid,
          minmay_the_grid_prize_shrinking_boxes], layout_grid_maze,
          nicolae_gozag_cash_rules_everything_around_me
D:10:     layout_rooms, mainiacjoe_overflow_brackets, uniq_josephine
D:11:     layout_rooms, hiddenorc1_lemuel, nrook_campfire, minivault_22
D:12:     layout_rooms, minmay_fractal_squares_diagonal_5
D:13:     layout_basic, erik_vaults_1, hangedman_parallel_progression,
          uniq_nessos
D:14:     layout_roguey, serial_shops, nicolae_square_shop,
          nicolae_trove_entry_isolated, portal_ice_cave_entry_pillars_2,
          uniq_frances, uniq_agnes
D:15:     gammafunk_depths_entry_grave, layout_grid_maze
Lair:1:   layout_hall_layers, beast_lair_carwin_6, grunt_megastairs_1
Lair:2:   layout_loops_ring, lemuel_centaur_altar
Lair:3:   layout_roguey, minmay_shoals_entry_hut,
          minmay_snake_entry_guardpost_small, lemuel_fruit_tree
Lair:4:   layout_regular_city, hibernation_bobbens, infiniplex_staircase_pool_2,
          grunt_megastairs_2
Lair:5:   regret_index_tunnel_blossom, layout_misc_corridors, slime_dummy
Lair:6:   minmay_lair_end_frog_pond, layout_hall_layers, gauntlet_entry_generic,
          ebering_ghost_disaster_area
Snake:1:  layout_grid_shapes, nicolae_snake_shapes, uniq_aizul
Snake:2:  nicolae_snake_shooting_gallery, layout_basic, basic_altar
Snake:3:  layout_basic, uniq_kirke, uniq_saint_roka, uniq_azrael
Orc:1:    layout_diamond_mine, uniq_snorg
Orc:2:    pubby_orc_utopia, serial_shops

Notes
Turn   | Place    | Note
-------+----------+-------------------------------------------
     0 | D:1      | browni3141 the Minotaur Berserker began the quest for the
                  | Orb.
     0 | D:1      | Reached XP level 1. HP: 19/19 MP: 0/0
   232 | D:1      | Reached skill level 4 in Axes
   341 | D:1      | Reached XP level 2. HP: 22/27 MP: 1/1
   481 | D:1      | Found a faded altar of an unknown god.
  1201 | D:2      | Reached skill level 4 in Fighting
  1203 | D:2      | Reached skill level 3 in Armour
  1203 | D:2      | Reached XP level 3. HP: 33/33 MP: 2/2
  1954 | D:3      | Reached skill level 5 in Axes
  1954 | D:3      | Reached XP level 4. HP: 41/41 MP: 3/3
  2338 | D:3      | Noticed Robin
  2344 | D:3      | Reached ** piety under Trog
  2349 | D:3      | Killed Robin
  2771 | D:4      | Reached XP level 5. HP: 47/47 MP: 4/4
  2786 | D:4      | Found a glowing golden altar of the Shining One.
  2787 | D:4      | Found a radiant altar of Vehumet.
  2974 | D:4      | Found a shimmering blue altar of Sif Muna.
  2986 | D:4      | Noticed an ogre
  2988 | D:4      | Found Jufaod's Antique Weapon Shop.
  2993 | D:4      | Killed an ogre
  2994 | D:4      | Reached skill level 5 in Fighting
  2994 | D:4      | Reached skill level 6 in Axes
  2994 | D:4      | Reached skill level 4 in Armour
  2994 | D:4      | Reached XP level 6. HP: 55/56 MP: 5/5
  3091 | D:4      | Found Bumagid's Weapon Boutique.
  3145 | D:4      | Found a staircase to the Ecumenical Temple.
  3315 | D:4      | Found Rizeela's General Store.
  3324 | D:4      | Bought a scroll of identify for 28 gold pieces
  3324 | D:4      | Bought a scroll of teleportation for 42 gold pieces
  3354 | D:4      | Reached skill level 7 in Axes
  3512 | D:4      | Found Jaacu's Weapon Emporium.
  3780 | D:5      | Entered Level 5 of the Dungeon
  3876 | D:5      | Reached skill level 5 in Armour
  3876 | D:5      | Reached XP level 7. HP: 50/62 MP: 6/6
  4024 | D:5      | Noticed Grinder
  4037 | D:5      | Killed Grinder
  4038 | D:5      | Reached skill level 6 in Fighting
  4038 | D:5      | Reached skill level 8 in Axes
  4273 | D:5      | Found a snail-covered altar of Cheibriados.
  4651 | D:5      | Found Tuoroele's Firing Range.
  4879 | D:5      | Found a sacrificial altar of Ru.
  5195 | D:6      | Reached skill level 6 in Armour
  5195 | D:6      | Reached XP level 8. HP: 69/71 MP: 7/7
  5205 | D:6      | Reached skill level 9 in Axes
  5215 | D:6      | Noticed Menkaure
  5227 | D:6      | Killed Menkaure
  5228 | D:6      | Reached skill level 7 in Fighting
  5576 | D:6      | Noticed Duvessa
  5577 | D:6      | Noticed Dowan
  5587 | D:6      | Killed Duvessa
  5591 | D:6      | Killed Dowan
  5602 | D:6      | Reached *** piety under Trog
  5695 | D:6      | Noticed Eustachio
  5718 | D:6      | Killed Eustachio
  5719 | D:6      | Reached skill level 10 in Axes
  5719 | D:6      | Reached skill level 7 in Armour
  6264 | D:7      | Reached skill level 8 in Fighting
  6264 | D:7      | Reached XP level 9. HP: 70/81 MP: 6/8
  6354 | D:7      | Identified 2 scrolls of acquirement
  6430 | D:7      | Noticed a seven-headed hydra
  6483 | D:6      | Acquired the ring "Vuerphiurph" {rPois rF+ MP+9 Int-3
                  | Stlth+}
  6487 | D:6      | Acquired the amulet of Xom's Full Attention {Acrobat rC+}
  6758 | D:8      | Noticed Maurice
  6780 | D:8      | Reached skill level 11 in Axes
  6787 | D:8      | Killed Maurice
  6788 | D:8      | Reached skill level 8 in Armour
  6971 | D:8      | Reached **** piety under Trog
  6972 | D:8      | Reached skill level 12 in Axes
  6986 | D:8      | Reached skill level 9 in Fighting
  7046 | D:8      | Reached skill level 9 in Armour
  7054 | D:8      | Reached XP level 10. HP: 91/91 MP: 9/9
  7081 | D:8      | Identified the +1 flail of the Endless March {venom, *Noise
                  | rElec MP+9}
  7081 | D:8      | Noticed Grum
  7084 | D:8      | Noticed a six-headed hydra
  7101 | D:8      | Killed Grum
  7102 | D:8      | Killed a ten-headed hydra
  7103 | D:8      | Reached skill level 13 in Axes
  7276 | D:8      | Reached skill level 10 in Fighting
  7508 | D:8      | Found a staircase to the Lair.
  7566 | D:8      | Noticed Prince Ribbit
  7584 | D:8      | Killed Prince Ribbit
  7718 | D:8      | Reached skill level 10 in Armour
  7983 | D:7      | Reached skill level 14 in Axes
  8021 | D:7      | Noticed a two-headed ogre
  8027 | D:7      | Killed a two-headed ogre
  8209 | D:7      | Killed an 11-headed hydra
  8210 | D:7      | Reached XP level 11. HP: 93/101 MP: 10/10
  8620 | Lair:1   | Entered Level 1 of the Lair of Beasts
  8694 | Lair:1   | Reached skill level 11 in Fighting
  8699 | Lair:1   | Reached ***** piety under Trog
  8756 | Lair:1   | Reached skill level 15 in Axes
  8826 | Lair:1   | Reached skill level 11 in Armour
  8917 | Lair:1   | Noticed an eight-headed hydra
  8924 | Lair:1   | Killed an 11-headed hydra
  9272 | Lair:1   | Received a gift from Trog
  9285 | Lair:1   | Reached skill level 16 in Axes
  9651 | Lair:1   | Identified the +5 whip of Uskayaw's Generosity {venom,
                  | *Corrode rPois Int-5 Dex+8}
  9686 | Lair:2   | Reached skill level 12 in Fighting
  9856 | Lair:2   | Reached skill level 12 in Armour
  9904 | Lair:2   | Reached XP level 12. HP: 90/112 MP: 11/11
 10010 | Lair:2   | Noticed a four-headed hydra
 10020 | Lair:2   | Killed a ten-headed hydra
 10161 | Lair:2   | Reached skill level 17 in Axes
 10657 | Lair:2   | Found a glowing silver altar of Zin.
 11262 | Lair:3   | Reached skill level 13 in Fighting
 11480 | Lair:3   | Noticed a seven-headed hydra
 11492 | Lair:3   | Killed a 12-headed hydra
 11775 | Lair:3   | Found a staircase to the Snake Pit.
 12170 | Lair:3   | Found a staircase to the Shoals.
 12405 | Snake:1  | Entered Level 1 of the Snake Pit
 12406 | Snake:1  | Noticed a naga warrior
 12429 | Lair:4   | Noticed a six-headed hydra
 12438 | Lair:4   | Killed a ten-headed hydra
 12439 | Lair:4   | Reached skill level 13 in Armour
 12721 | Lair:4   | Reached skill level 18 in Axes
 12854 | Lair:4   | You fall into a shaft and drop 2 floors!
 12854 | Lair:6   | Entered Level 6 of the Lair of Beasts
 12854 | Lair:6   | Noticed a seven-headed hydra
 12862 | Lair:6   | Killed an 11-headed hydra
 12863 | Lair:6   | Reached skill level 14 in Fighting
 12865 | Lair:6   | Reached XP level 13. HP: 124/124 MP: 12/12
 12867 | Lair:6   | Reached skill level 14 in Armour
 12873 | Lair:6   | Received a gift from Trog
 12905 | Lair:6   | HP: 9/125 [blink frog (6)]
 13026 | Lair:6   | Reached skill level 15 in Fighting
 13153 | Lair:6   | Reached skill level 15 in Armour
 13690 | Lair:6   | Reached skill level 16 in Fighting
 13722 | Lair:6   | Reached skill level 16 in Armour
 14110 | Lair:6   | Found a large runed translucent door.
 14110 | Lair:6   | Found a large runed translucent door.
 14111 | Lair:6   | Noticed Hiezim's ghost (journeyman DECj)
 14244 | Lair:6   | Killed Hiezim's ghost
 14336 | Lair:5   | Reached XP level 14. HP: 136/138 MP: 13/13
 14338 | Lair:5   | Found a staircase to the Slime Pits.
 14661 | Lair:5   | Reached skill level 17 in Fighting
 14701 | Lair:5   | Reached skill level 17 in Armour
 14703 | Lair:5   | Received a gift from Trog
 17234 | D:9      | Reached skill level 18 in Fighting
 17237 | D:9      | Reached skill level 1 in Evocations
 17387 | D:9      | Reached skill level 18 in Armour
 17390 | D:9      | Reached skill level 2 in Evocations
 17639 | D:9      | Identified the +8 broad axe "Todiubb" {holy, rC+ rN+ Str+4}
 18035 | D:9      | Found an opulent altar of Gozag.
 18140 | D:10     | Entered Level 10 of the Dungeon
 18141 | D:10     | Noticed Josephine
 18153 | D:10     | Killed Josephine
 18570 | D:10     | Found a hazy altar of Hepliaklqana.
 18779 | D:11     | Reached skill level 3 in Evocations
 19079 | D:11     | Found a staircase to the Orcish Mines.
 19512 | Orc:1    | Entered Level 1 of the Orcish Mines
 19522 | Orc:1    | Received a gift from Trog
 19631 | Orc:2    | Entered Level 2 of the Orcish Mines
 19741 | Orc:2    | Reached XP level 15. HP: 130/150 MP: 7/14
 20142 | Orc:1    | Reached ****** piety under Trog
 20147 | Orc:1    | Reached skill level 4 in Evocations
 20319 | Orc:1    | Noticed Snorg
 20331 | Orc:1    | Killed Snorg
 20721 | Orc:2    | Received a gift from Trog
 20900 | Orc:2    | Found Qegimiw's Assorted Antiques.
 21108 | Orc:2    | Bought a scroll of identify for 52 gold pieces
 21108 | Orc:2    | Bought a scroll labelled VIBRAV YGIUHAI for 26 gold pieces
 21125 | Orc:2    | Found Uplaes's Book Shoppe.
 21273 | Orc:2    | Paralysed by an orc sorcerer for 3 turns
 21663 | Orc:2    | Reached skill level 5 in Evocations
 21703 | Orc:2    | Found a staircase to the Elven Halls.
 21774 | Orc:2    | Reached skill level 19 in Fighting
 21917 | Orc:2    | Found Dacessou's General Store.
 22185 | Orc:2    | Bought a potion of mutation for 112 gold pieces
 22185 | Orc:2    | Gained mutation: You have hidden genetic potential. [potion
                  | of mutation]
 22185 | Orc:2    | Gained mutation: You are partially covered in iridescent
                  | scales. (AC +2) [potion of mutation]
 22185 | Orc:2    | Gained mutation: You occasionally shout uncontrollably at
                  | your foes. [potion of mutation]
 22200 | Orc:2    | Noticed an orc warlord
 22212 | Orc:2    | Killed an orc warlord
 22215 | Orc:2    | Reached skill level 19 in Armour
 22260 | Orc:2    | Found Limar's Armour Emporium.
 23237 | Orc:1    | Received a gift from Trog
 23706 | D:12     | Reached skill level 6 in Evocations
 24989 | D:13     | Found a gate to the Vaults.
 24992 | D:13     | Noticed Nessos
 25004 | D:13     | Killed Nessos
 26207 | D:13     | Reached skill level 7 in Evocations
 26211 | D:13     | HP: 15/232 [yaktaur/bolt (11)]
 27241 | D:14     | Identified a +2 robe of resistance
 27241 | D:14     | Noticed Agnes
 27242 | D:14     | Received a gift from Trog
 27260 | D:14     | Killed Agnes
 27261 | D:14     | Reached skill level 20 in Fighting
 27261 | D:14     | Reached XP level 16. HP: 162/162 MP: 8/15
 27420 | D:14     | Found a portal to a secret trove of treasure.
 27497 | D:14     | Reached skill level 20 in Armour
 27839 | D:14     | Found Yretin's General Store.
 28146 | D:14     | Reached skill level 8 in Evocations
 28518 | D:14     | Noticed Frances
 28527 | D:14     | Killed Frances
 28543 | D:14     | Gained mutation: You have a beak for a mouth. [hidden
                  | potential]
 28833 | D:15     | Entered Level 15 of the Dungeon
 28980 | D:15     | Found a staircase to the Depths.
 30234 | Snake:1  | Noticed Aizul
 30248 | Snake:1  | Killed Aizul
 30366 | Lair:3   | Reached skill level 21 in Fighting
 30743 | Snake:1  | Reached skill level 21 in Armour
 30899 | Snake:1  | Identified a +0 robe of the Archmagi
 31683 | Snake:1  | Received a gift from Trog
 33322 | Snake:3  | Noticed Kirke
 33328 | Snake:3  | Noticed a sphinx
 33338 | Snake:3  | Killed Kirke
 33539 | Snake:3  | Noticed Saint Roka
 33573 | Snake:3  | Reached XP level 17. HP: 27/176 MP: 8/16
 33573 | Snake:3  | HP: 26/264 [poisoned by a naga mage (bolt of poison)]
 33573 | Snake:3  | HP: 5/264 [Saint Roka (21)]
 33575 | Snake:3  | HP: 1/264 [poisoned by a naga mage (bolt of poison)]
 33575 | Snake:3  | Demolished by Saint Roka

Vanquished Creatures
  Frances (D:14)
  Kirke (Snake:3)
  Agnes (D:14)
  Aizul (Snake:1)
  An orc warlord (Orc:2)
  Snorg (Orc:1)
  The ghost of Hiezim the Thaumaturge, a journeyman DECj of Vehumet (Lair:6)
  Josephine (D:10)
  6 naga warriors
  17 hydras
  3 boulder beetles
  An ogre mage (D:14)
  5 anacondas
  13 two-headed ogres
  4 death yaks
  2 dancing weapons (D:13)
  6 centaur warriors
  A tengu warrior (D:13)
  2 alligators (D:13)
  A vampire mage (D:15)
  3 shock serpents
  3 naga sharpshooters
  5 orc high priests
  2 skeletal warriors
  4 sea snakes
  2 naga ritualists (Snake:1)
  4 lindwurms
  A sphinx zombie (D:15)
  A deep elf pyromancer (D:14)
  7 orc knights
  A necromancer (D:15)
  An iron dragon zombie (D:15)
  A mana viper (Snake:1)
  3 manticores
  7 orc sorcerers (Orc:2)
  A shadow dragon skeleton (D:15)
  3 salamanders
  3 cyclopes
  13 ugly things
  A guardian serpent (shapeshifter) (D:12)
  14 elephants
  Maurice (D:8)
  11 naga magi
  A stone giant skeleton (D:15)
  19 black mambas
  20 cane toads
  4 gargoyles
  A kobold demonologist (D:9)
  2 torpor snails
  3 rime drakes
  5 yaktaurs (D:13)
  2 unseen horrors (D:13)
  17 komodo dragons
  2 freezing wraiths (D:15)
  A queen bee (Lair:5)
  A guardian mummy (D:15)
  2 polar bears
  7 meliai
  2 hornets
  Prince Ribbit (D:8)
  12 trolls
  5 tyrant leeches
  34 blink frogs
  Grinder (D:5)
  A snapping turtle (Lair:3)
  5 slime creatures
  39 yaks
  A shadow (D:12)
  7 wraiths
  2 vampires
  3 hogs (Snake:3)
  2 fire bats (D:13)
  Eustachio (D:6)
  Grum (D:8)
  16 vampire mosquitoes
  10 basilisks
  2 steam dragons (D:9)
  18 nagas
  7 wargs
  Menkaure (D:6)
  5 acid dragons
  Duvessa (D:6)
  21 water moccasins
  2 sky beasts
  51 orc warriors
  3 black bears
  16 ogres
  A necrophage (D:6)
  5 ice beasts
  A boggart (D:9)
  18 wolves
  8 centaurs
  4 kobold brigands (D:9)
  19 bullfrogs
  3 gnoll sergeants
  2 scorpions
  Dowan (D:6)
  46 killer bees
  9 wights
  2 vampire bats (D:13)
  4 howler monkeys
  5 electric eels
  A bullfrog zombie (D:7)
  3 centaur zombies
  A jelly (D:5)
  3 bullfrog skeletons
  3 hounds
  33 orc priests
  2 centaur skeletons (D:7)
  5 iguanas
  20 orc wizards
  2 hell rats (Lair:5)
  A killer bee zombie (D:7)
  2 hound skeletons
  Robin (D:3)
  2 howler monkey skeletons
  4 howler monkey zombies
  13 gnolls
  11 adders
  2 white imps
  10 worms
  2 dart slugs
  125 orcs
  4 endoplasms
  3 giant cockroaches
  23 goblins
  5 hobgoblins
  15 kobolds
  6 quokkas
  14 ball pythons
  9 bats
  9 frilled lizards
  5 rats
985 creatures vanquished.

Vanquished Creatures (collateral kills)
  Nessos (D:13)
  A vampire mosquito (D:13)
2 creatures vanquished.

Vanquished Creatures (others)
  A bush (Lair:2)
  77 fungi
  146 plants
  3 withered plants (D:15)
227 creatures vanquished.

Grand Total: 1214 creatures vanquished

Table legend: (Time is in decaauts)
 A = Elapsed time spent in this place.
 B = Non-inter-level travel time spent in this place.
 C = Inter-level travel time spent in this place.
 D = Time resting spent in this place.
 E = Time spent auto-exploring this place.
 F = Levels seen in this place.
 G = Mean time per level.
                   A        B        C        D        E       F      G
               +--------+--------+--------+--------+--------+-----+--------+
         Total |  33849 |  32559 |   1290 |   4088 |  23450 |  26 | 1301.9 |
       Dungeon |  18087 |  17316 |    771 |   1951 |  12893 |  15 | 1205.8 |
          Lair |   8799 |   8421 |    378 |   1270 |   5647 |   6 | 1466.5 |
     Snake Pit |   2832 |   2809 |     23 |    332 |   2079 |   3 |  944.0 |
  Orcish Mines |   4129 |   4012 |    117 |    533 |   2830 |   2 | 2064.5 |
               +--------+--------+--------+--------+--------+-----+--------+

Top non-repeatable levels by time:
   Orc:2: 3126 daAuts
    D:13: 2647 daAuts
  Lair:3: 1976 daAuts
    D:14: 1691 daAuts
  Lair:5: 1528 daAuts
  Lair:6: 1470 daAuts
  Lair:2: 1464 daAuts
 Snake:2: 1448 daAuts
     D:9: 1426 daAuts
     D:5: 1405 daAuts
     D:6: 1298 daAuts
  Lair:4: 1241 daAuts
     D:8: 1210 daAuts
    D:15: 1174 daAuts
  Lair:1: 1118 daAuts

Table legend:
 A = Non-vault XP
 B = Vault XP
 C = Vault XP percentage of total XP
 D = Non-vault monster count
 E = Vault monster count
 F = Vault count percentage of total count
                 A         B        C        D         E       F
            +---------+---------+-------+---------+---------+-------
      Total |  132776 |   83296 |  38.6 |     538 |     449 |  45.5
            +---------+---------+-------+---------+---------+-------
        D:1 |      22 |       0 |   0.0 |      14 |       0 |   0.0
        D:2 |      20 |      20 |  50.0 |       5 |       3 |  37.5
        D:3 |      73 |      60 |  45.1 |      18 |      25 |  58.1
        D:4 |     447 |       0 |   0.0 |      10 |       0 |   0.0
        D:5 |     370 |     262 |  41.5 |      19 |       1 |   5.0
        D:6 |     865 |     573 |  39.8 |      13 |       4 |  23.5
        D:7 |    2801 |       0 |   0.0 |      24 |       0 |   0.0
        D:8 |    2740 |    3000 |  52.3 |      30 |      30 |  50.0
        D:9 |    2557 |    6045 |  70.3 |      32 |      24 |  42.9
       D:10 |    1833 |    1741 |  48.7 |      18 |       5 |  21.7
       D:11 |    4780 |     181 |   3.6 |      11 |      17 |  60.7
       D:12 |    4093 |    2390 |  36.9 |      20 |       4 |  16.7
       D:13 |    5959 |    9216 |  60.7 |      16 |      51 |  76.1
       D:14 |   18002 |    2948 |  14.1 |      36 |       2 |   5.3
       D:15 |    4249 |    4627 |  52.1 |      12 |       8 |  40.0
     Lair:1 |    5572 |    2171 |  28.0 |      23 |       8 |  25.8
     Lair:2 |    7930 |     444 |   5.3 |      34 |       4 |  10.5
     Lair:3 |    3741 |     726 |  16.3 |      14 |       4 |  22.2
     Lair:4 |    9131 |     183 |   2.0 |      26 |       1 |   3.7
     Lair:5 |    9257 |    7460 |  44.6 |      21 |      49 |  70.0
     Lair:6 |   15635 |    9922 |  38.8 |      39 |      33 |  45.8
    Snake:1 |   12657 |    5905 |  31.8 |      27 |       9 |  25.0
    Snake:2 |   10330 |       0 |   0.0 |      18 |       0 |   0.0
    Snake:3 |    5212 |    2534 |  32.7 |      10 |      16 |  61.5
      Orc:1 |    4500 |     967 |  17.7 |      48 |       1 |   2.0
      Orc:2 |       0 |   21921 | 100.0 |       0 |     150 | 100.0
            +---------+---------+-------+---------+---------+-------
